 Dungeon Crawl Stone Soup version 0.20.1-1-g8b1a95d (webtiles) character file.

11463 NichySteves the Cleaver (level 11, -4/69 HPs)
             Began as a Gargoyle Berserker on Oct 1, 2017.
             Was a High Priest of Trog.
             Hit by a large rock thrown by a stone giant (44 damage)
             ... on level 11 of the Dungeon.
             The game lasted 01:14:21 (10578 turns).

NichySteves the Cleaver (Gargoyle Berserker)       Turns: 10578, Time: 01:14:25

Health: -4/69      AC: 20    Str: 24    XL:     11   Next: 78%
Magic:  3/3        EV: 17    Int:  8    God:    Trog [*****.]
Gold:   675        SH:  0    Dex: 11    Spells: 10/10 levels left

rFire    . . .     SeeInvis .   J - +4 battleaxe (antimagic)
rCold    . . .     Gourm    .   (shield currently unavailable)
rNeg     + + .     Faith    .   U - +0 acid dragon scales
rPois    ∞         Spirit   .   M - +1 helmet
rElec    +         Reflect  .   (no cloak)
rCorr    +         Harm     +   y - +0 pair of gloves {archery}
MR       .....                  k - +0 pair of boots
Stlth    +.........             n - amulet of harm
Regen    0.3/turn               K - ring of positive energy
MPRegen  0.1/turn               I - +3 ring of evasion

@: no status effects
A: thin skeletal structure 1, negative energy resistance 1, electricity
resistance, unbreathing, petrification resistance, rot immunity, subdued magic
1, AC +7
a: Berserk, Trog's Hand, Brothers in Arms, Burn Spellbooks, Renounce Religion


You were on level 11 of the Dungeon.
You worshipped Trog.
Trog was extremely pleased with you.
You were not hungry.

You visited 1 branch of the dungeon, and saw 11 of its levels.
You also visited: Ossuary.

You collected 675 gold pieces.

Inventory:

Hand Weapons
 A - the +6 mace of Variability {chaos}
   (You found it on level 10 of the Dungeon)

   Each time it hits an enemy it has a different, random effect.
 G - a +2 mace of holy wrath
 J - a +4 antimagic battleaxe (weapon)
Armour
 k - a +0 pair of boots (worn)
 y - a +0 pair of gloves of archery (worn)
 M - a +1 helmet (worn)
 S - a +0 plate armour
 U - +0 acid dragon scales (worn)
Jewellery
 n - an amulet of harm (around neck)
 C - an uncursed ring of magical power
 I - a +3 ring of evasion (right hand)
 K - a ring of positive energy (left hand)
Wands
 a - a wand of flame (12/48)
 z - a wand of digging (14/24)
 D - a wand of disintegration (16/24)
 E - a wand of disintegration (13/24)
 N - a wand of lightning (6/15)
Scrolls
 b - 10 scrolls of identify
 e - 5 scrolls of remove curse
 g - 4 scrolls of amnesia
 h - 2 scrolls of enchant armour
 m - 2 scrolls of recharging {unknown}
 p - a scroll of blinking
 q - 3 scrolls of teleportation
 r - a scroll of fog
 O - a scroll of brand weapon {unknown}
 Q - a scroll of fear
 T - a scroll of holy word {unknown}
Potions
 d - 9 potions of curing
 i - 5 potions of mutation
 j - a potion of berserk rage {unknown}
 l - 2 potions of degeneration {unknown}
 o - 2 potions of invisibility {unknown}
 s - a potion of might {unknown}
 t - 4 potions of brilliance {unknown}
 u - a potion of agility {unknown}
 w - 2 potions of lignification
 H - a potion of ambrosia {unknown}
 L - a potion of heal wounds
Books
 x - a book of Air

   Spells                             Type                      Level
   a - Shock                          Conjuration/Air              1
   b - Swiftness                      Charms/Air                   2
   c - Static Discharge               Conjuration/Air              3
   d - Airstrike                      Air                          4
   e - Lightning Bolt                 Conjuration/Air              5
   Trog disapproves of the use of such an item.
 P - a Young Poisoner's Handbook

   Spells                             Type                      Level
   a - Sting                          Conjuration/Poison           1
   b - Poisonous Vapours              Poison/Air                   2
   c - Mephitic Cloud                 Conjuration/Poison/Air       3
   d - Olgreb's Toxic Radiance        Poison                       4
   e - Venom Bolt                     Conjuration/Poison           5
   Trog disapproves of the use of such an item.
Comestibles
 c - 6 bread rations
 B - 13 royal jellies
 F - 2 fruits
 R - a chunk of flesh


   Skills:
 - Level 8.5 Fighting
 * Level 13.3 Axes
 + Level 6.4 Armour
 - Level 5.4 Dodging


You had 10 spell levels left.
You didn't know any spells.

Dungeon Overview and Level Annotations

Branches:
Dungeon (11/15)            Temple (0/1) D:4
   Lair: D:8-11         Orc: D:9-12

Altars:
Dithmenos
Hepliaklqana
Kikubaaqudgha
Okawaru
Ru
Xom

Shops:
D:9 %

Annotations:
D:5 Prince Ribbit


Innate Abilities, Weirdness & Mutations

You are resistant to torment.
Your stone body is resilient. (AC +7)
You are immune to poison.
You resist negative energy. (rN+)
You are resistant to electric shocks. (rElec)
You can survive without breathing.
You are immune to petrification.
You are immune to rotting.
You have a somewhat thin skeletal structure. (Dex +2, Stealth)
Your spells are a little easier to cast, but a little less powerful.


Message History

There is an open door, spattered with blood here.
Things that are here:
a +0 troll leather armour; an acid dragon corpse; a troll corpse
Okay, then.
Blink to where?
Press: ? - help, Dir - move target cursor You can't see that place. [the floor.]
Okay, then.
Your ogre goes berserk!
You feel somewhat more hungry.
The stone giant throws a large rock.
The large rock hits you.
You swap places.
You open the door.
The yaktaur captain wields an arbalest.
The yaktaur captain shoots a bolt.
The bolt hits your ogre!!!
Your ogre dies!
Your ogre's corpse disappears in a puff of smoke!
The stone giant throws a large rock.
The large rock hits you!!!
Ouch! That really hurt!
You die...

#...#...# ##8
#...#...# ##
#...#...#
....#...#
.....##..# #..###
#..#.## ##.'.[##
#.#@..# ######
####(#####'##
#.....
#..§(.....#
#.....
###.Cc....#
#.....
####....#.#.....
#####)#.....
...........+.....
...........######
#................


You could see a stone giant and a yaktaur captain.

Vanquished Creatures
  A two-headed ogre (D:7)
  A wolf spider (D:11)
  A troll (D:11)
  A queen bee (D:7)
  A hippogriff (D:8)
  A wraith (D:11)
  A wyvern (D:11)
  17 yaks (D:9)
  A basilisk (D:11)
  A steam dragon (D:9)
  2 hungry ghosts
  A soldier ant (D:9)
  An acid dragon (D:11)
  2 orc warriors
  3 sky beasts
  A black bear (D:9)
  5 ogres
  2 necrophages
  2 centaurs
  A crocodile (D:8)
  Blork the orc (D:6)
  2 big kobolds
  2 elf zombies (Ossuary)
  8 bullfrogs
  A gnoll sergeant (D:10)
  A wyvern skeleton (D:7)
  22 killer bees
  4 howler monkeys
  An electric eel (D:9)
  2 centaur zombies
  8 crimson imps
  A bullfrog zombie (D:9)
  4 hounds
  2 jellies
  3 centaur skeletons
  7 orc priests
  2 human zombies (Ossuary)
  7 orc wizards
  2 iguanas
  7 worker ants
  A big kobold zombie (Ossuary)
  A hound zombie (Ossuary)
  A hound skeleton (D:7)
  3 mummies (Ossuary)
  A worker ant zombie (D:11)
  6 gnolls
  A howler monkey skeleton (D:8)
  12 adders
  2 shadow imps
  3 adder zombies (Ossuary)
  2 adder skeletons
  A worm (D:4)
  2 dart slugs
  6 leopard geckos
  49 orcs
  A ball python (D:1)
  9 bats
  6 giant cockroaches
  A gnoll zombie (Ossuary)
  8 goblins
  9 hobgoblins
  13 jackals
  2 quokkas
  A ball python skeleton (D:4)
  8 frilled lizards
  2 goblin zombies (Ossuary)
  3 hobgoblin zombies (Ossuary)
  A jackal skeleton (D:4)
  A jackal zombie (Ossuary)
  11 kobolds
  5 kobold zombies (Ossuary)
  An orc zombie (Ossuary)
  3 quokka zombies (Ossuary)
  12 rats
  8 rat zombies (Ossuary)
329 creatures vanquished.

Vanquished Creatures (collateral kills)
  A two-headed ogre (D:8)
  A troll (D:10)
  3 yaks (D:9)
  3 chaos spawn (D:10)
  An ice beast (D:10)
  A bullfrog (D:10)
  A killer bee (D:10)
  3 orc wizards (D:10)
  3 gnolls (D:10)
  2 adders (D:10)
19 creatures vanquished.

Grand Total: 348 creatures vanquished

Notes
Turn   | Place    | Note
-------+----------+-------------------------------------------
     0 | D:1      | NichySteves the Gargoyle Berserker began the quest for the Orb.
     0 | D:1      | Reached XP level 1. HP: 14/14 MP: 1/1
    85 | D:1      | Reached skill level 3 in Axes
    85 | D:1      | Reached XP level 2. HP: 16/19 MP: 2/2
   673 | D:1      | Reached XP level 3. HP: 19/23 MP: 3/3
   999 | D:1      | Reached ** piety under Trog
  1379 | D:2      | Reached XP level 4. HP: 29/29 MP: 4/4
  1448 | D:2      | Found an iron altar of Okawaru.
  1674 | D:2      | Reached skill level 4 in Axes
  2116 | D:3      | Reached XP level 5. HP: 33/33 MP: 5/5
  2225 | D:3      | Reached *** piety under Trog
  2858 | D:4      | Found a shadowy altar of Dithmenos.
  2908 | D:4      | Found an ancient bone altar of Kikubaaqudgha.
  2914 | D:4      | Reached XP level 6. HP: 39/39 MP: 6/6
  2945 | D:4      | Found a staircase to the Ecumenical Temple.
  2971 | D:4      | Reached skill level 5 in Axes
  3301 | D:4      | Reached skill level 5 in Fighting
  3301 | D:4      | Reached XP level 7. HP: 44/44 MP: 7/7
  3629 | D:5      | Entered Level 5 of the Dungeon
  3720 | D:5      | Gained mutation: Your spells are a little easier to cast, but a little less powerful. [potion of mutation]
  3720 | D:5      | Gained mutation: You have a somewhat thin skeletal structure. (Dex +2, Stealth) [potion of mutation]
  3852 | D:5      | Found a hazy altar of Hepliaklqana.
  3895 | D:5      | Reached skill level 6 in Axes
  4407 | D:5      | Reached XP level 8. HP: 48/50 MP: 8/8
  4553 | D:6      | Noticed Blork the orc
  4563 | D:6      | Killed Blork the orc
  4584 | D:6      | Reached skill level 7 in Axes
  4673 | D:6      | Noticed Prince Ribbit
  5101 | D:6      | Reached **** piety under Trog
  5240 | D:6      | Reached skill level 8 in Axes
  5256 | D:6      | Reached skill level 5 in Armour
  5535 | D:7      | Found a sand-covered staircase.
  5540 | Ossuary  | Entered an ossuary
  5804 | Ossuary  | Reached ***** piety under Trog
  5849 | Ossuary  | Reached XP level 9. HP: 54/54 MP: 9/9
  6059 | D:7      | Received a gift from Trog
  6077 | D:7      | Reached skill level 9 in Axes
  6139 | D:7      | Paralysed by fainting for 8 turns
  6164 | D:7      | Paralysed by fainting for 9 turns
  6654 | D:7      | Noticed a two-headed ogre
  6658 | D:7      | Killed a two-headed ogre
  6800 | D:8      | Reached skill level 10 in Axes
  6822 | D:8      | Noticed a queen bee
  6863 | D:7      | Killed a queen bee
  6863 | D:7      | Reached XP level 10. HP: 63/63 MP: 6/10
  7166 | D:8      | Reached skill level 11 in Axes
  7571 | D:8      | Noticed a two-headed ogre
  7584 | D:8      | Killed a two-headed ogre
  7897 | D:9      | Found Pameten's Food Shop.
  8123 | D:9      | Found a sacrificial altar of Ru.
  8219 | D:9      | Identified a scroll of acquirement
  8307 | D:9      | Reached skill level 12 in Axes
  8312 | D:9      | Reached XP level 11. HP: 67/69 MP: 6/11
  8885 | D:9      | Reached skill level 5 in Dodging
  9383 | D:10     | Entered Level 10 of the Dungeon
  9415 | D:10     | Found a shimmering altar of Xom.
  9973 | D:11     | Reached skill level 13 in Axes
 10489 | D:11     | Noticed a wolf spider
 10492 | D:11     | Killed a wolf spider
 10572 | D:11     | Noticed a stone giant
 10574 | D:11     | Noticed a yaktaur captain
 10578 | D:11     | Hit by a large rock thrown by a stone giant

Skill      XL: |  1  2  3  4  5  6  7  8  9 10 11 |
---------------+----------------------------------+-----
Axes           | 3 4 5 6 8 10 12 13 | 13.3
Fighting       | 4 5 7 8 |  8.5
Armour         | 3 5 6 |  6.4
Dodging        | 2 3 4 5 |  5.4

Action                   |  1- 3 |  4- 6 |  7- 9 | 10-12 || total
-------------------------+-------+-------+-------+-------++-------
Melee: Hand axe          |   120 |   125 |       |       ||   245
       War axe           |       |    28 |   264 |       ||   292
       Battleaxe         |       |       |    53 |   321 ||   374
Invok: Berserk           |     4 |     9 |    17 |    23 ||    53
       Trog's Hand       |       |     2 |       |     2 ||     4
       Brothers in Arms  |       |       |       |     6 ||     6
Evoke: Wand              |       |       |     1 |     5 ||     6
  Use: Potion            |       |       |     3 |     3 ||     6
       Scroll            |       |       |     2 |    10 ||    12
 Stab: Sleeping          |       |     1 |       |       ||     1
  Eat: Chunk             |     4 |    16 |    14 |    30 ||    64
       Bread ration      |       |       |     2 |       ||     2
       Meat ration       |       |       |     1 |     1 ||     2
       Fruit             |       |       |       |     3 ||     3
Armor: Animal skin       |    38 |    17 |       |       ||    55
       Ring mail         |       |    61 |   164 |   127 ||   352
       Chain mail        |       |     3 |       |       ||     3
       Plate armour      |       |       |       |    18 ||    18
Dodge: Dodged            |    69 |   104 |   229 |   280 ||   682
